 Dungeon Crawl Stone Soup version 0.28.0 (webtiles) character file.

Game seed: 5443523648361361775

1407 bonscott the Purveyor of Pain (level 8, -1/48 HPs)
             Began as a Vampire Necromancer on May 5, 2022.
             Was an Initiate of Kikubaaqudgha.
             Slain by a sky beast (5 damage)
             ... on level 7 of the Dungeon.
             The game lasted 00:49:00 (8982 turns).

bonscott the Purveyor of Pain (Vampire Necromancer) Turns: 8982, Time: 00:49:02

Health: -1/48      AC:  7    Str:  9    XL:     8   Next: 42%
Magic:  9/15       EV: 12    Int: 17    God:    Kikubaaqudgha [......]
Gold:   149        SH:  0    Dex: 15    Spells: 7/17 levels left

rFire   . . .      SeeInvis +   b - +2 falchion (vorpal)
rCold   + + .      Faith    .   (no shield)
rNeg    + + +      Spirit   .   f - +0 leather armour
rPois   ∞          Reflect  .   (no helmet)
rElec   .          Harm     .   v - +0 cloak
rCorr   .          Rampage  .   B - +0 pair of gloves
Will    .....                   E - +0 pair of boots
Stlth   ++++......              (no amulet)
HPRegen 0.00/turn               (no ring)
MPRegen 0.14/turn               (no ring)

@: bloodless, inhibited regen
A: bloodless, fangs 3, see invisible, vampiric 2
a: Bat Form, Revivify, Renounce Religion


You were on level 7 of the Dungeon.
You worshipped Kikubaaqudgha.
Kikubaaqudgha was noncommittal.
You visited 2 branches of the dungeon, and saw 8 of its levels.

You collected 285 gold pieces.
You spent 136 gold pieces at shops.

Inventory:

Hand Weapons
 a - a +0 hunting sling
 b - a +2 vorpal falchion (weapon)
 c - a +3 dagger
Missiles
 d - 9 poisoned darts
 i - 84 arrows
 r - 2 boomerangs
 u - 9 bolts
 z - 43 sling bullets
 F - 38 stones
Armour
 f - a +0 leather armour (worn)
 n - a +0 ring mail
 o - a +0 robe
 v - a +0 cloak (worn)
 B - a +0 pair of gloves (worn)
 E - a +0 pair of boots (worn)
Magical Staves
 I - a staff of conjuration
Wands
 h - a wand of mindburst (12)
 y - a wand of paralysis (8)
 D - a wand of flame (18)
Scrolls
 e - 2 scrolls of identify
 g - a scroll of magic mapping {unknown}
 m - 2 scrolls of teleportation
 w - a scroll of amnesia {unknown}
 x - a scroll of holy word {unknown}
 A - a scroll of blinking
 C - a scroll of brand weapon {unknown}
 G - a scroll of enchant armour {unknown}
Potions
 j - 4 potions of flight
 k - a potion of lignification {unknown}
 l - 2 potions of haste
 p - 2 potions of heal wounds
 q - a potion of resistance
 s - 2 potions of curing {unknown}
 t - a potion of attraction {unknown}
 H - a potion of ambrosia {unknown}


   Skills:
 - Level 4.0 Fighting
 - Level 4.0 Armour
 - Level 2.1 Dodging
 - Level 3.0 Stealth
 + Level 5.0 Spellcasting
 + Level 7.0 Necromancy
 + Level 2.7 Evocations


You had 7 spell levels left.
You knew the following spells:

 Your Spells              Type           Power      Damage    Failure   Level
c - Corpse Rot            Necr/Air       32%        N/A       7%          2
d - Animate Dead          Necr           14%        N/A       11%         4
i - Pain                  Necr           100%       1d9       1%          1
m - Vampiric Draining     Necr           28%        2d8       3%          3

Your spell library contained the following spells:

 Spells                   Type           Power      Damage    Failure   Level
 Animate Skeleton         Necr           56%        N/A       1%          1
 Magic Dart               Conj           16%        1d3       19%         1
 Call Imp                 Summ           4%         N/A       28%         2
 Poisonous Vapours        Pois/Air       8%         N/A       28%         2
 Agony                    Necr           28%        N/A       30%         5
 Mephitic Cloud           Conj/Pois/Air  4%         N/A       50%         3


Dungeon Overview and Level Annotations

Branches:
Dungeon (7/15)             Temple (1/1) D:4

Altars:
Ashenzari
Dithmenos
Elyvilon
Fedhas
Hepliaklqana
Kikubaaqudgha
Makhleb
Nemelex Xobeh
Okawaru
Qazlal
Ru
Sif Muna
Uskayaw
Wu Jian
Xom
Zin
The Shining One

Shops:
D:5 *


Innate Abilities, Weirdness & Mutations

You do not regenerate when monsters are visible.
You are frail without blood (-20% HP).
You can heal yourself when you bite living creatures.
You are immune to poison.
You have razor-sharp teeth.
You have supernaturally acute eyesight. (SInv)
You are afflicted with vampirism and can become a bat while bloodless.


Message History

* * * LOW HITPOINT WARNING * * *
The wyvern skeleton barely misses you.
Your surroundings suddenly seem different.
You start resting.
A wyvern skeleton is nearby!
The wyvern skeleton bites you.
You hit the wyvern skeleton.
The wyvern skeleton is moderately damaged.
The wyvern skeleton bites you.
* * * LOW HITPOINT WARNING * * *
You hit the wyvern skeleton.
The wyvern skeleton is moderately damaged.
The wyvern skeleton bites you!
* * * LOW HITPOINT WARNING * * *
The wyvern skeleton barely misses you.
Blink to where?
Press: ? - help, Dir - move target
As you read the scroll of blinking, it crumbles to dust.
There is a stone staircase leading down here.
You climb downwards.
Found an escape hatch in the floor.
There is a stone staircase leading up here.
Casting: Animate Dead (quite dangerous; 11% risk of failure)
Confirm with . or Enter, or press ? or * to list all spells.
Aiming: Vampiric Draining (dangerous; 3% risk of failure)
Press: ? - help, Shift-Dir - straight line, f - sky beast
Aim: a sky beast (asleep)
You draw life force from the sky beast.
You feel life coursing into your body.
The sky beast hits you but does no damage.
Casting: Vampiric Draining (dangerous; 3% risk of failure)
Confirm with . or Enter, or press ? or * to list all spells.
Aiming: Vampiric Draining (dangerous; 3% risk of failure)
Press: ? - help, Shift-Dir - straight line, f/p - sky beast
Aim: a sky beast (lightly wounded)
You draw life force from the sky beast.
You feel life coursing into your body. The sky beast hits you.
* * * LOW HITPOINT WARNING * * *
The sky beast shocks you.
You die...
Kikubaaqudgha rasps: "You have failed me!
Welcome... oblivion!"

#.. ..
###+#.
#....#
#....+
#....#
#>Y..#
#.@..#
#....#
######


You could see a sky beast.

Vanquished Creatures
  An ice beast (D:5)
  A necrophage (D:6)
  A black bear (D:6)
  5 ogres
  A bullfrog (D:5)
  A wyvern zombie (D:6)
  A scorpion (D:6)
  A water moccasin skeleton (D:6)
  2 howler monkeys
  A bullfrog skeleton (D:5)
  A hound (D:5)
  2 jellies
  4 iguanas
  A hound skeleton (D:4)
  6 adders
  2 shadow imps
  A white imp (D:6)
  An ufetubus (D:5)
  A worm (D:5)
  A dart slug (D:2)
  20 orcs
  5 ball pythons
  3 bats
  10 endoplasms
  3 giant cockroaches
  7 goblins
  3 hobgoblins
  4 kobolds
  3 quokkas
  6 frilled lizards
  4 rats
103 creatures vanquished.

Notes
Turn   | Place    | Note
-------+----------+-------------------------------------------
     0 | D:1      | bonscott the Vampire Necromancer began the quest for the
                  | Orb.
     0 | D:1      | Reached XP level 1. HP: 13/13 MP: 3/3
   705 | D:1      | Reached XP level 2. HP: 19/19 MP: 0/5
  1412 | D:2      | Found a shadowy altar of Dithmenos.
  1465 | D:2      | Noticed an ogre
  1878 | D:2      | Reached skill level 5 in Necromancy
  1878 | D:2      | Gained mutation: You are afflicted with vampirism and can
                  | become a bat while bloodless. [Vampire growth]
  1878 | D:2      | Reached XP level 3. HP: 21/24 MP: 0/7
  2874 | D:3      | Reached XP level 4. HP: 11/30 MP: 2/9
  3196 | D:3      | Learned a level 3 spell: Vampiric Draining
  3243 | D:3      | Learned a level 2 spell: Corpse Rot
  3351 | D:3      | Found a faded altar of an unknown god.
  3731 | D:4      | Noticed a two-headed ogre
  3820 | D:4      | Reached XP level 5. HP: 28/28 MP: 5/10
  3997 | D:4      | Reached skill level 6 in Necromancy
  4092 | D:4      | Found a staircase to the Ecumenical Temple.
  4112 | Temple   | Entered the Ecumenical Temple
  4375 | Temple   | Became a worshipper of Kikubaaqudgha
  4426 | D:4      | Learned a level 4 spell: Animate Dead
  4644 | D:4      | Found a hide-covered altar of Uskayaw.
  4699 | D:5      | Entered Level 5 of the Dungeon
  4699 | D:5      | Found Jygaiwopo's General Store.
  4931 | D:5      | Reached skill level 1 in Fighting
  5021 | D:5      | Reached skill level 1 in Armour
  5103 | D:5      | Reached XP level 6. HP: 34/34 MP: 8/12
  5714 | D:5      | Found a stormy altar of Qazlal.
  5933 | D:5      | Noticed an ice beast
  5941 | D:5      | Killed an ice beast
  5942 | D:5      | Reached XP level 7. HP: 41/41 MP: 2/13
  6246 | D:5      | Bought a scroll of teleportation for 39 gold pieces
  6246 | D:5      | Bought a scroll of blinking for 97 gold pieces
  7890 | D:5      | Reached skill level 1 in Evocations
  8004 | D:6      | Reached XP level 8. HP: 42/48 MP: 7/14
  8806 | D:6      | Reached skill level 5 in Spellcasting
  8806 | D:6      | Reached skill level 7 in Necromancy
  8982 | D:7      | Slain by a sky beast

Illustrated notes

Levels and vault maps discovered:
D:1:      erik_arrival_orb_chamber, layout_basic, minmay_misc_feat_columns,
          minmay_misc_feat_plants
D:2:      layout_rooms, basic_altar
D:3:      layout_loops_ring, dreamdust_ecumenical_altar_statues,
          minmay_fountain_box
D:4:      nicolae_BIG_FREAKIN_CUBE, layout_loops_ring,
          gammafunk_temple_overflow_wave, minmay_temple_entry_stoned_glass
D:5:      layout_basic, kennysheep_mini, serial_shops, nicolae_stop_n_shop_1
D:6:      layout_basic, minmay_circle_x
D:7:      layout_basic, cheibriados_altar_1, dk_yredelemnul_ordeal,
          ebering_ghost_rock_garden, hellmonk_guarded_unrand_vines
Temple:   dpeg_chambers_temple

Skill      XL: |  1  2  3  4  5  6  7  8 |
---------------+-------------------------+-----
Necromancy     | 5 6 7 |  7.0
Spellcasting   | 3 4 5 |  5.0
Fighting       | 1 3 4 |  4.0
Armour         | 1 2 4 |  4.0
Evocations     | 1 2 |  2.7
Dodging        | |  2.1
Stealth        | |  3.0

Action                   |  1- 3 |  4- 6 |  7- 9 || total
-------------------------+-------+-------+-------++-------
Melee: Rapier            |     2 |       |       ||     2
       Falchion          |     6 |    21 |    48 ||    75
       Bite              |     1 |     4 |     6 ||    11
       Dagger            |       |       |     1 ||     1
       Punch             |       |       |     1 ||     1
 Fire: Hunting sling     |    17 |    50 |    31 ||    98
 Cast: Pain              |    72 |    70 |    27 ||   169
       Vampiric Draining |       |     7 |    19 ||    26
       Corpse Rot        |       |       |     1 ||     1
 Abil: Exsanguinate      |       |     1 |       ||     1
  Use: Scroll            |       |     3 |     5 ||     8
 Stab: Sleeping          |     1 |       |     2 ||     3
Armor: Robe              |     5 |     6 |       ||    11
       Leather armour    |       |       |    25 ||    25
       Ring mail         |       |       |     3 ||     3
Dodge: Dodged            |    10 |    19 |    76 ||   105
